 Dungeon Crawl Stone Soup version 0.30-a0-634-g8abc85282e (webtiles) character file.

Game seed: 16828997651144042847

3222 pokeman the Thaumaturge (level 9, -8/51 HPs)
             Began as a Deep Elf Hedge Wizard on Jan 14, 2023.
             Mangled by an orc knight
             ... wielding a +0 war axe
              (37 damage)
             ... in a bailey.
             The game lasted 00:18:46 (7652 turns).

pokeman the Thaumaturge (Deep Elf Hedge Wizard)     Turns: 7652, Time: 00:18:47

Health: -8/51      AC: 10    Str:  7    XL:     9   Next: 66%
Magic:  15/26      EV: 12    Int: 24    God:
Gold:   266        SH:  0    Dex: 14    Spells: 23/31 levels left

rFire   + . .      SeeInvis .    n - +2 whip (venom)
rCold   . . .      Faith    .    (no shield)
rNeg    . . .      Spirit   .    y - +2 leather armour {rF+}
rPois   +          Reflect  .    v - +0 helmet
rElec   .          Harm     .    F - +2 cloak
rCorr   +          Rampage  .    b - +0 pair of gloves
Will    .....                    (no boots)
Stlth   ++                       (no amulet)
HPRegen 0.28/turn                o - ring of poison resistance
MPRegen 0.20/turn                r - ring of resist corrosion

@: very slightly contaminated
A: no striking features
a: no special abilities


You were in a bailey.
You visited 2 branches of the dungeon, and saw 8 of its levels.
You also visited: Bailey.

You collected 266 gold pieces.

Inventory:

Hand Weapons
 n - a +2 whip of venom (weapon)
Armour
 b - a +0 pair of gloves (worn)
 v - a +0 helmet (worn)
 y - a +2 leather armour of fire resistance (worn)
 F - a +2 cloak (worn)
 G - the +1 robe of the Beekeeper {Drain Regen+ SInv}
   (You found it on level 7 of the Dungeon)

   SInv:      It lets you see invisible.
   Regen:     It increases your rate of health regeneration.
   Drain:     It drains your maximum health when unequipped.
Magical Staves
 B - a staff of air
Jewellery
 o - a ring of poison resistance (left hand)
 r - a ring of resist corrosion (right hand)
Wands
 C - a wand of roots (10)
Scrolls
 e - 6 scrolls of identify {unknown}
 f - a scroll of fear {unknown}
 h - 2 scrolls of noise {unknown}
 j - 3 scrolls of enchant weapon {unknown}
 l - a scroll of butterflies {unknown}
 s - a scroll of vulnerability {unknown}
 u - 2 scrolls of immolation {unknown}
 A - 2 scrolls of teleportation {unknown}
Potions
 a - a potion of flight {unknown}
 c - a potion of resistance
 d - a potion of magic
 g - 7 potions of degeneration {unknown}
 i - 3 potions of brilliance {unknown}
 k - 6 potions of curing {unknown}
 m - 4 potions of haste {unknown}
 p - 2 potions of attraction {unknown}
 q - a potion of cancellation {unknown}
 t - a potion of ambrosia {unknown}
 w - 4 potions of heal wounds
 z - a potion of might {unknown}
 D - a potion of berserk rage {unknown}
 E - 2 potions of mutation {unknown}
Miscellaneous
 x - a piece from Xom's chessboard (13/15)


   Skills:
 + Level 3.2 Fighting
 - Level 3.0 Armour
 - Level 3.0 Dodging
 - Level 3.0 Stealth
 * Level 11.6 Spellcasting
 + Level 7.6 Conjurations
 + Level 5.6 Summonings
 - Level 1.1 Translocations
 - Level 1.0 Air Magic
 - Level 1.0 Poison Magic
 - Level 1.0 Evocations


You had 23 spell levels left.
You knew the following spells:

 Your Spells              Type           Power      Damage    Failure   Level
a - Magic Dart            Conj           100%       1d8       1%          1
b - Mephitic Cloud        Conj/Pois/Air  29%        N/A       5%          3
c - Call Imp              Summ           40%        N/A       1%          2
d - Blink                 Tloc           38%        N/A       6%          2

Your spell library contained the following spells:

 Spells                   Type           Power      Damage    Failure   Level
 Slow                     Hex            52%        N/A       7%          1
 Cigotuvi's Dreadful Rot  Necr/Pois/Air  34%        N/A       8%          2


Dungeon Overview and Level Annotations

Branches:
Dungeon (7/15)             Temple (1/1) D:7          Bailey (1/1)

Altars:
Ashenzari
Cheibriados
Dithmenos
Elyvilon
Fedhas
Kikubaaqudgha
Makhleb
Nemelex Xobeh
Okawaru
Sif Muna
Uskayaw
Wu Jian
Xom
Yredelemnul
Zin
The Shining One
Lugonu

Shops:
D:3 [


Message History

The orc knight hits your white imp with a +0 war axe!
Your white imp is killed!
Your white imp disappears in a puff of smoke!
The orc warrior is engulfed in noxious fumes.
Unknown command.
Unknown command.
You barely miss the orc knight.
The orc knight is lightly wounded.
The orc knight is engulfed in noxious fumes.
The orc knight barely misses you.
The orc warrior is engulfed in noxious fumes.
The orc warrior appears confused.
The orc warrior hits itself with a +0 hand axe!
Unknown command.
You catch the helpless orc knight completely off-guard!
You hit the orc knight but do no damage.
The orc knight is poisoned.
The orc knight is engulfed in noxious fumes.
The orc knight hits you with a +0 war axe.
The orc warrior is engulfed in noxious fumes.
The orc warrior appears confused.
Unknown command.
You make a move on Xom's chessboard...
The orc knight seems to grow stronger.
The orc knight hits the orc warrior with a +0 war axe!
The orc warrior is killed!
The orc knight barely misses you.
You make a move on Xom's chessboard...
The orc warrior twists and deforms.
The orc knight barely misses you.
The orc warrior hits the goblin with a +0 hand axe!
The goblin is killed!
You barely miss the orc knight.
The orc knight is lightly wounded.
The orc knight hits you with a +0 war axe!!
You strike the helpless orc knight from behind!
You hit the orc knight.
The orc knight looks even sicker.
The orc knight is lightly wounded.
The orc attacks as you move away! The orc misses you.
The orc knight hits you with a +0 war axe!!!
Ouch! That really hurt!
You die...

. .. ... ....
.⌠... #######
.....g##.....##
....)oo.......#
.....##o@.....##
... #.........#
8 ##.........##
#.....⌠.....#
##.........##
#.........#
##.......##
#.....).#
##....)##


You could see an orc knight (strong, confused, very poisoned), an orc warrior
(confused), an orc and a hobgoblin.

Vanquished Creatures
  Grinder (D:3)
  A wyvern (D:6)
  Duvessa (D:5)
  2 water moccasins
  A black bear (D:6)
  4 orc warriors
  2 ogres
  3 phantoms
  2 bullfrogs
  3 scorpions
  A wight (D:7)
  Dowan (D:5)
  A vampire bat (D:5)
  3 hounds
  2 jellies (D:7)
  2 orc priests (D:6)
  2 gnoll boudas (D:5)
  Jessica (D:2)
  An iguana (D:5)
  Natasha (thrice) (D:3)
  3 orc wizards (D:6)
  9 adders
  12 gnolls
  A white imp (D:5)
  2 ufetubi
  3 dart slugs
  3 fire bats (D:5)
  2 worms (D:3)
  23 orcs
  2 spectral bats (D:5)
  3 bat skeletons (D:5)
  A bat zombie (D:5)
  4 endoplasms
  7 giant cockroaches
  10 goblins
  12 hobgoblins
  4 kobolds
  4 quokkas
  3 ball pythons
  12 bats
  A bat simulacrum (D:5)
  2 frilled lizards
  4 rats
164 creatures vanquished.

Vanquished Creatures (collateral kills)
  Eustachio (D:5)
  A water moccasin (D:4)
  An orc warrior (Bailey)
  Terence (D:3)
  An adder (D:3)
  2 gnolls (D:5)
  2 orcs
9 creatures vanquished.

Grand Total: 173 creatures vanquished

Notes
Turn   | Place    | Note
-------+----------+-------------------------------------------
     0 | D:1      | pokeman the Deep Elf Hedge Wizard began the quest for the
                  | Orb.
     0 | D:1      | Reached XP level 1. HP: 10/10 MP: 7/7
   349 | D:1      | Reached XP level 2. HP: 9/16 MP: 3/9
   748 | D:2      | Reached skill level 5 in Spellcasting
   819 | D:2      | Found a burning altar of Makhleb.
   903 | D:2      | Reached XP level 3. HP: 20/20 MP: 5/11
   907 | D:2      | Learned a level 3 spell: Mephitic Cloud
   910 | D:2      | Learned a level 2 spell: Call Imp
   913 | D:2      | Learned a level 2 spell: Blink
  1032 | D:2      | Noticed Jessica
  1035 | D:2      | Killed Jessica
  1036 | D:2      | Reached skill level 1 in Fighting
  1036 | D:2      | Reached skill level 1 in Armour
  1293 | D:2      | Reached XP level 4. HP: 25/25 MP: 9/13
  1819 | D:3      | Found Gatul's Antique Armour Shop.
  2036 | D:3      | Noticed Terence
  2037 | D:3      | Noticed Natasha
  2057 | D:3      | Killed Terence
  2096 | D:3      | Killed Natasha
  2097 | D:3      | Reached skill level 6 in Spellcasting
  2097 | D:3      | Reached XP level 5. HP: 29/29 MP: 3/15
  2164 | D:3      | Noticed Natasha
  2179 | D:3      | Killed Natasha
  2216 | D:3      | Noticed Natasha
  2221 | D:3      | Killed Natasha
  2222 | D:3      | Reached skill level 1 in Poison Magic
  2406 | D:3      | Noticed Grinder
  2430 | D:3      | Paralysed by Grinder for 2 turns
  2722 | D:3      | Paralysed by Grinder for 4 turns
  2746 | D:3      | Killed Grinder
  2747 | D:3      | Reached skill level 5 in Conjurations
  2747 | D:3      | Reached XP level 6. HP: 15/34 MP: 2/17
  3086 | D:4      | Reached skill level 1 in Air Magic
  3184 | D:4      | Reached XP level 7. HP: 38/38 MP: 13/19
  3311 | D:4      | Reached skill level 7 in Spellcasting
  3532 | D:4      | Found an iron altar of Okawaru.
  3618 | D:4      | Found a basalt altar of Yredelemnul.
  3934 | D:4      | Found a shimmering altar of Xom.
  4173 | D:5      | Entered Level 5 of the Dungeon
  4306 | D:5      | Reached skill level 8 in Spellcasting
  4346 | D:5      | Noticed Eustachio
  4419 | D:5      | Killed Eustachio
  4420 | D:5      | Reached XP level 8. HP: 23/44 MP: 15/22
  4576 | D:5      | Found a blossoming altar of Fedhas.
  4929 | D:5      | Found an ornate altar of the Wu Jian Council.
  5132 | D:5      | Noticed Dowan
  5151 | D:5      | Reached skill level 9 in Spellcasting
  5154 | D:5      | Killed Dowan
  5154 | D:5      | Noticed Duvessa
  5214 | D:5      | Killed Duvessa
  5624 | D:5      | Found a shadowy altar of Dithmenos.
  5933 | D:6      | Reached skill level 10 in Spellcasting
  5992 | D:6      | Reached XP level 9. HP: 34/48 MP: 8/25
  5999 | D:6      | Reached skill level 1 in Evocations
  6385 | D:6      | Reached skill level 5 in Summonings
  6604 | D:6      | Found a burning altar of Makhleb.
  6801 | D:7      | Reached skill level 11 in Spellcasting
  6812 | D:7      | Found a staircase to the Ecumenical Temple.
  6817 | Temple   | Entered the Ecumenical Temple
  6860 | D:7      | Found a glowing silver altar of Zin.
  6935 | D:7      | Identified the +1 robe of the Beekeeper {Drain Regen+ SInv}
  7133 | D:7      | Found a flagged portal.
  7163 | Bailey   | Entered a bailey
  7636 | Bailey   | Noticed an orc knight
  7652 | Bailey   | Mangled by an orc knight

Illustrated notes

Levels and vault maps discovered:
D:1:      lightli_arrival_windingriver, layout_basic
D:2:      layout_basic, basic_altar, chequers_hall_statues_wall_a, uniq_jessica
D:3:      layout_basic, serial_shops, shop, uniq_grinder, uniq_terence,
          uniq_natasha
D:4:      minmay_evil_eye, layout_basic, mainiacjoe_overflow_alcove_1,
          mainiacjoe_overflow_catwalk, xom_butterflies
D:5:      layout_loops_ring, grunt_dithmenos_smoke, fedhas_altar_1,
          pdpol_wu_jian_five_deadly_venoms, goddamned_bats, uniq_eustachio,
          uniq_duvessa
D:6:      layout_cave_pools, lightli_temple_of_fire
D:7:      layout_basic, mainiacjoe_overflow_small_starburst, temple_doors_e,
          enter_bailey_5
Temple:   corrupted_temple
Bailey:   bailey_axe_minmay_hex_keep, bailey

Skill      XL: |  1  2  3  4  5  6  7  8  9 |
---------------+----------------------------+-----
Spellcasting   | 5 6 8 10 11 | 11.6
Fighting       | 1 2 3 |  3.2
Armour         | 1 2 3 |  3.0
Conjurations   | 2 5 6 7 |  7.6
Stealth        | 3 |  3.0
Dodging        | 3 |  3.0
Poison Magic   | 1 |  1.0
Air Magic      | 1 |  1.0
Summonings     | 3 4 5 |  5.6
Evocations     | 1 |  1.0
Translocations | |  1.1

Action                   |  1- 3 |  4- 6 |  7- 9 || total
-------------------------+-------+-------+-------++-------
Melee: Rapier            |     1 |    23 |    74 ||    98
       Punch             |       |       |     1 ||     1
       Whip              |       |       |    86 ||    86
       Dagger            |       |       |     3 ||     3
 Cast: Magic Dart        |    59 |   100 |   237 ||   396
       Mephitic Cloud    |       |     6 |    32 ||    38
       Call Imp          |       |     4 |    17 ||    21
       Blink             |       |     3 |       ||     3
Evoke: Piece from Xom's  |       |       |     4 ||     4
 Stab: Sleeping          |     1 |       |     2 ||     3
       Confused          |       |     2 |    16 ||    18
Armor: Robe              |     1 |     8 |     4 ||    13
       Leather armour    |       |       |    75 ||    75
Dodge: Dodged            |     5 |    33 |   168 ||   206

Table legend: (Time is in decaauts)
 A = Elapsed time spent in this place.
 B = Non-inter-level travel time spent in this place.
 C = Inter-level travel time spent in this place.
 D = Time resting spent in this place.
 E = Time spent auto-exploring this place.
 F = Levels seen in this place.
 G = Mean time per level.
                   A        B        C        D        E       F      G
               +--------+--------+--------+--------+--------+-----+--------+
         Total |   7682 |   7284 |    398 |    561 |   5050 |   9 |  853.6 |
       Dungeon |   7154 |   6766 |    388 |    257 |   5050 |   7 | 1022.0 |
        Temple |     36 |     26 |     10 |      0 |      0 |   1 |   36.0 |
        Bailey |    492 |    492 |      0 |    304 |      0 |   1 |  492.0 |
               +--------+--------+--------+--------+--------+-----+--------+

Top non-repeatable levels by time:
     D:5: 1811 daAuts
     D:2: 1324 daAuts
     D:4: 1094 daAuts
     D:3: 1022 daAuts
     D:6: 810 daAuts
     D:1: 738 daAuts
  Bailey: 492 daAuts
     D:7: 352 daAuts
  Temple: 36 daAuts
